 Dungeon Crawl Stone Soup version 0.29-a0-459-g97dee8cd24 (webtiles) character file.

Game seed: 10658892493583541516

20342 holysushi the Spry (level 12, -4/77 HPs)
             Began as an Octopode Artificer on May 20, 2022.
             Was an Initiate of Gozag.
             Engulfed by a cloud of flame (13 damage)
             ... in a volcano.
             The game lasted 00:22:31 (12092 turns).

holysushi the Spry (Octopode Artificer)            Turns: 12092, Time: 00:22:32

Health: -4/77      AC: 13    Str: 12    XL:     12   Next: 78%
Magic:  0/21       EV: 22    Int: 20    God:    Gozag
Gold:   2856       SH:  0    Dex: 16    Spells: 10/11 levels left

rFire   . . .      SeeInvis .   G - +3 short sword (freeze)
rCold   + . .      Faith    .   (no shield)
rNeg    + . .      Spirit   +   (helmet restricted)
rPois   +          Reflect  .   C - amulet of guardian spirit
rElec   .          Harm     .   q - +4 ring of slaying
rCorr   .          Rampage  .   a - +4 ring of protection
Will    .....                   p - ring of flight
Stlth   ++++......              w - +4 ring of protection
HPRegen 0.22/turn               m - +4 ring of protection
MPRegen 0.17/turn               N - ring "Migiros" {rPois rC+ rN+ Dex-4 Slay+3}
                                Q - ring of magical power
                                U - ring "Hemefuhe" {Int+6 Dex+4}

@: gold aura, flying
A: almost no armour, amphibious, 8 rings, camouflage 1, gelatinous body 1,
(nimble swimmer 1), tentacles
a: Renounce Religion, Potion Petition, Call Merchant, Bribe Branch


You were in a volcano.
You worshipped Gozag.
Gozag was most pleased with you.
You visited 3 branches of the dungeon, and saw 13 of its levels.
You also visited: Ossuary, Ice Cave and Volcano.

You collected 2939 gold pieces.
You paid 83 gold pieces to Gozag.

Inventory:

Hand Weapons
 y - a +0 short sword of venom
 A - a +3 dagger of chaos
 G - a +3 short sword of freezing (weapon)
Armour
 z - an orb of guile
Jewellery
 a - a +4 ring of protection (right tentacle)
 j - an amulet of regeneration
 m - a +4 ring of protection (on tentacle)
 p - a ring of flight (on tentacle)
 q - a +4 ring of slaying (left tentacle)
 w - a +4 ring of protection (on tentacle)
 C - an amulet of guardian spirit (around mantle)
 N - the ring "Migiros" (on tentacle) {rPois rC+ rN+ Dex-4 Slay+3}
   (You found it on level 1 of the Lair of Beasts)

   [ring of protection from cold]

   Dex:       It affects your dexterity (-4).
   Slay:      It affects your accuracy & damage with ranged weapons and melee
   (+3).
   rC:        It protects you from cold.
   rPois:     It protects you from poison.
   rN:        It protects you from negative energy.
 Q - a ring of magical power (on tentacle)
 U - the ring "Hemefuhe" (on tentacle) {Int+6 Dex+4}
   (You found it on level 2 of the Lair of Beasts)

   [ring of intelligence]

   Int:       It affects your intelligence (+6).
   Dex:       It affects your dexterity (+4).
Wands
 b - a wand of flame (8) (quivered)
 c - a wand of charming (8)
 d - a wand of iceblast (7)
 R - a wand of mindburst (3)
 S - a wand of acid (3)
Scrolls
 g - a scroll of enchant armour
 h - 3 scrolls of immolation
 r - 2 scrolls of fog
 t - 2 scrolls of amnesia
 v - 2 scrolls of poison
 x - 6 scrolls of teleportation
 H - a scroll of brand weapon
 J - 3 scrolls of vulnerability
 O - a scroll of magic mapping
 T - a scroll of fear
Potions
 e - 5 potions of might
 f - 2 potions of brilliance
 i - 2 potions of magic
 k - 3 potions of mutation
 l - 4 potions of curing
 n - 2 potions of attraction
 s - 2 potions of berserk rage
 u - 4 potions of ambrosia
 B - 2 potions of degeneration
 E - 3 potions of resistance
 F - a potion of invisibility
 I - 2 potions of flight
 K - 2 potions of lignification {unknown}
 P - a potion of cancellation {unknown}
Miscellaneous
 L - a phantom mirror (inert)


   Skills:
 - Level 5.0 Fighting
 - Level 12.0 Short Blades
 * Level 15.8 Dodging
 - Level 6.0 Stealth
 + Level 3.4 Evocations


You had 10 spell levels left.
You knew the following spells:

 Your Spells              Type           Power      Damage    Failure   Level
a - Apportation           Tloc           0%         N/A       19%         1

Your spell library contained the following spells:

 Spells                   Type           Power      Damage    Failure   Level
 Beastly Appendage        Tmut           0%         N/A       19%         1
 Poisonous Vapours        Pois/Air       0%         N/A       28%         2
 Wereblood                Tmut           0%         N/A       28%         2
 Spider Form              Tmut/Pois      0%         N/A       50%         3
 Alistair's Intoxication  Tmut/Pois      0%         N/A       99%         5
 Corpse Rot               Necr/Pois/Air  Unusable   N/A       N/A         4

Dungeon Overview and Level Annotations

Branches:
Dungeon (9/15)             Temple (1/1) D:5            Lair (3/6) D:9
  Swamp (0/4) Lair:3       Spider (0/4) Lair:3      Ossuary (visited)
  IceCv (visited)         Volcano (1/1)
    Orc: D:9-12

Altars:
Ashenzari
Cheibriados
Dithmenos
Elyvilon
Fedhas
Gozag
Hepliaklqana
Kikubaaqudgha
Makhleb
Nemelex Xobeh
Okawaru
Qazlal
Ru
Sif Muna
Trog
Uskayaw
Vehumet
Wu Jian
Xom
Yredelemnul
Zin
The Shining One

Annotations:
D:5 1 runed translucent door, exclusions: door and downstairs, Crazy Yiuf
D:8 2 transporters, exclusion: downstairs, OTABOTABOTAB's ghost, novice TrMo
D:9 2 runed translucent doors
Lair:1 exclusion: upstairs


Innate Abilities, Weirdness & Mutations

You cannot wear most types of armour.
You are amphibious.
You can wear up to eight rings at the same time.
Your skin changes colour to match your surroundings (Stealth+).
Your rubbery body absorbs attacks. (AC +1, EV +1)
((You are camouflaged when in or above water. (Stealth+)))
You have tentacles for arms and can constrict up to eight enemies at once.


Message History

You constrict the gargoyle, but do no damage.
You hit the gargoyle. You freeze the gargoyle.
The gargoyle is moderately damaged.
You constrict the gargoyle, but do no damage.
The gargoyle closely misses you.
You hit the gargoyle. You freeze the gargoyle.
The gargoyle is heavily damaged.
You constrict the gargoyle. You hit the gargoyle but do no damage.
You squeeze the gargoyle, but do no damage.
The gargoyle is heavily damaged.
You constrict the gargoyle.
The gargoyle hurls a stone arrow at you.
The stone arrow misses you.
You hit the gargoyle. You freeze the gargoyle.
The gargoyle is severely damaged.
You constrict the gargoyle, but do no damage.
You puncture the gargoyle! You freeze the gargoyle.
You destroy the gargoyle!
The anaconda skeleton attacks as you move away!
The anaconda skeleton completely misses you.
The anaconda skeleton bites you.
The anaconda skeleton attacks as you move away!
The anaconda skeleton closely misses you.
The anaconda skeleton completely misses you.
The air gets thick with the scent of sulphur.
The anaconda skeleton grabs you. The anaconda skeleton bites you!
The anaconda skeleton constricts you.
You escape the anaconda skeleton's grasp.
In the distance, the volcano erupts with a roar.
You are engulfed in blazing flames.
* * * LOW HITPOINT WARNING * * *
The anaconda skeleton is engulfed in blazing flames. x2
The alligator skeleton is engulfed in blazing flames.
You are engulfed in blazing flames.
* * * LOW HITPOINT WARNING * * *
The anaconda skeleton is engulfed in blazing flames. x2
You are engulfed in blazing flames.
You die...
Your body crumbles into a pile of gold.

##≈##§####≈####
###§≈≈§≈≈≈≈≈≈≈≈≈≈###
#§§§§§≈≈§§≈§§≈≈§°○○##
§≈≈≈≈≈≈≈§≈8§§≈§○○○§≈## $
≈§§≈≈≈≈8≈≈§≈≈8°°○°§○≈##
§§§≈≈≈≈§§≈≈§§§≈°§○°○○°###
≈≈≈≈§8≈§≈≈≈≈≈§≈8§≈≈○°○°°##
§≈≈§§≈≈§≈≈≈≈§§≈☼°°○○°≈☼≈°##
§§≈§§§§8§≈≈§§8°○@°○○°○☼○°§## #
§§≈≈§≈§≈≈≈8§§§§≈°○○°°§§°≈°§######
§≈≈≈≈≈≈≈≈§§§§§§≈○°≈≈°○°°○..#.##9.
≈≈§≈§≈≈§≈§≈§°°§°°°°≈§§≈Z°°..§.###
.§§§≈§≈§§§≈≈≈≈≈°°°§°§≈§≈≈.Z....$'
..§§..≈§§≈≈§°≈≈≈≈≈°≈≈§......≈.###
.......§§≈§≈≈≈≈≈§°§Z°°.°...#.##..
........§≈≈§≈≈≈≈§°°○.○°..########
..........§≈≈§§§§°.°○°○### #


You could see an anaconda skeleton and an alligator skeleton.

Vanquished Creatures
  A catoblepas (Lair:2)
  3 hydras
  A lindwurm (Lair:2)
  2 elephants (Lair:2)
  3 cane toads
  A torpor snail (Lair:1)
  A gargoyle (Volcano)
  Maggie (D:7)
  Psyche (D:8)
  4 rime drakes
  4 komodo dragons (Lair:2)
  2 polar bears (Lair:2)
  2 trolls (D:9)
  4 blink frogs
  30 yaks
  5 wyverns
  3 flying skulls (Volcano)
  A wraith (D:9)
  A vampire (D:7)
  A basilisk (Lair:3)
  Edmund (D:5)
  2 wargs (D:9)
  8 water moccasins
  An acid dragon (D:9)
  An orc warrior (D:9)
  2 black bears
  An ogre (D:5)
  2 wolves (Lair:1)
  A centaur (D:6)
  2 elf zombies (Ossuary)
  2 kobold brigands
  Blork the orc (D:5)
  2 bullfrogs
  A necrophage (D:6)
  5 scorpions
  An elf skeleton (D:8)
  2 gnoll sergeants
  8 wights
  A howler monkey (D:4)
  2 spriggan skeletons (Volcano)
  2 lava snakes (D:7)
  2 centaur zombies (Ossuary)
  2 human zombies (Ossuary)
  3 hounds
  4 orc priests
  4 iguanas
  3 human skeletons (D:8)
  11 orc wizards
  3 mummies (Ossuary)
  28 gnolls
  3 adders
  A shadow imp (D:6)
  2 white imps
  2 ufetubi
  5 adder zombies (Ossuary)
  2 dart slugs (D:3)
  51 orcs
  5 ball pythons
  3 bats
  5 endoplasms
  A giant cockroach (D:3)
  3 goblins
  12 hobgoblins
  17 jackals
  20 kobolds
  A quokka (D:2)
  12 frilled lizards
  4 gnoll zombies (Ossuary)
  4 goblin zombies (Ossuary)
  2 hobgoblin zombies (Ossuary)
  A jackal zombie (Ossuary)
  A kobold zombie (Ossuary)
  2 orc skeletons (D:8)
  2 orc zombies (Ossuary)
  5 quokka zombies (Ossuary)
  2 rats
  5 rat zombies (Ossuary)
352 creatures vanquished.

Vanquished Creatures (collateral kills)
  3 wolves (Lair:1)
  4 centaurs (D:6)
7 creatures vanquished.

Vanquished Creatures (others)
  A centaur (D:6)
  4 fungi (Lair:2)
  15 plants
  12 toadstools
32 creatures vanquished.

Grand Total: 391 creatures vanquished

Notes
Turn   | Place    | Note
-------+----------+-------------------------------------------
     0 | D:1      | holysushi the Octopode Artificer began the quest for the
                  | Orb.
     0 | D:1      | Reached XP level 1. HP: 13/13 MP: 1/1
   290 | D:1      | Reached XP level 2. HP: 19/19 MP: 2/2
   358 | D:1      | Found a faded altar of an unknown god.
   496 | D:1      | Reached XP level 3. HP: 6/25 MP: 3/3
  1334 | D:2      | Reached skill level 1 in Short Blades
  1525 | D:2      | Reached XP level 4. HP: 20/31 MP: 4/4
  2542 | D:3      | Found a sparkling altar of Nemelex Xobeh.
  2542 | D:3      | Found an ornate altar of the Wu Jian Council.
  2543 | D:3      | Found a blossoming altar of Fedhas.
  3157 | D:4      | Reached XP level 5. HP: 33/36 MP: 5/5
  3312 | D:4      | Reached XP level 6. HP: 42/42 MP: 6/6
  3639 | D:4      | Reached skill level 5 in Short Blades
  3729 | D:4      | Reached XP level 7. HP: 42/46 MP: 7/7
  4034 | D:5      | Entered Level 5 of the Dungeon
  4041 | D:5      | Found a staircase to the Ecumenical Temple.
  4055 | Temple   | Entered the Ecumenical Temple
  4094 | Temple   | Became a worshipper of Gozag Ym Sagoz the Greedy
  4257 | D:5      | Noticed Blork the orc
  4268 | D:5      | Killed Blork the orc
  4292 | D:5      | Found a hide-covered altar of Uskayaw.
  4648 | D:5      | Noticed Edmund
  4660 | D:5      | Killed Edmund
  4661 | D:5      | Reached skill level 3 in Dodging
  4661 | D:5      | Reached XP level 8. HP: 28/52 MP: 8/8
  4728 | D:5      | Reached skill level 4 in Dodging
  5137 | D:5      | Found a runed translucent door.
  5138 | D:5      | Noticed Crazy Yiuf
  5755 | D:6      | Reached skill level 5 in Dodging
  6014 | D:6      | Reached skill level 6 in Dodging
  6161 | D:6      | Reached XP level 9. HP: 54/56 MP: 9/9
  6386 | D:7      | Reached skill level 7 in Dodging
  6699 | D:7      | Reached skill level 8 in Dodging
  6764 | D:7      | Noticed Maggie
  6777 | D:7      | Killed Maggie
  7035 | D:8      | Found a transporter.
  7056 | D:8      | Found a sand-covered staircase.
  7066 | Ossuary  | Entered an ossuary
  7119 | Ossuary  | Reached skill level 9 in Dodging
  7212 | Ossuary  | Reached XP level 10. HP: 61/63 MP: 10/10
  7494 | D:8      | Noticed a moth of wrath
  7521 | D:8      | Reached skill level 10 in Short Blades
  7677 | D:8      | Found a stormy altar of Qazlal.
  7693 | D:8      | Noticed Psyche
  7700 | D:8      | Killed Psyche
  7701 | D:8      | Reached skill level 10 in Dodging
  7964 | D:8      | Found a transporter.
  7965 | D:8      | Noticed OTABOTABOTAB's ghost (novice TrMo)
  8405 | D:9      | Found a staircase to the Lair.
  8490 | D:9      | Identified the +4 plate armour "Luxuutwotiy" {rC+ rN+
                  | Will+}
  8705 | D:9      | Found a runed translucent door.
  8706 | D:9      | Found a runed translucent door.
  8902 | D:9      | Reached skill level 11 in Dodging
  9056 | D:9      | Noticed a two-headed ogre
  9126 | Lair:1   | Entered Level 1 of the Lair of Beasts
  9190 | Lair:1   | Noticed a cane toad
  9224 | Lair:1   | Reached XP level 11. HP: 41/67 MP: 11/11
  9249 | Lair:1   | Reached skill level 12 in Dodging
  9412 | Lair:1   | Identified the ring "Migiros" {rPois rC+ rN+ Dex-4 Slay+3}
  9511 | Lair:1   | Learned a level 1 spell: Apportation
 10254 | Lair:2   | Noticed a five-headed hydra
 10265 | Lair:2   | Killed a five-headed hydra
 10266 | Lair:2   | Reached skill level 5 in Stealth
 10301 | Lair:2   | Reached skill level 13 in Dodging
 10636 | Lair:1   | Reached skill level 5 in Fighting
 10660 | Lair:2   | Reached XP level 12. HP: 63/77 MP: 12/12
 11032 | Lair:2   | Found a runed translucent door.
 11054 | Lair:2   | Noticed a catoblepas
 11159 | Lair:2   | Reached skill level 14 in Dodging
 11573 | Lair:2   | Killed a catoblepas
 11675 | Lair:2   | Identified the ring "Hemefuhe" {Int+6 Dex+4}
 11792 | Lair:3   | Reached skill level 15 in Dodging
 11813 | Lair:3   | Found a frozen archway.
 11827 | IceCv    | Entered an ice cave
 11860 | Lair:3   | Noticed a five-headed hydra
 11866 | Lair:3   | Killed a five-headed hydra
 11867 | Lair:3   | Noticed a seven-headed hydra
 11875 | Lair:3   | Killed a seven-headed hydra
 11948 | Lair:3   | Found a dark tunnel.
 11953 | Volcano  | Entered a volcano
 12092 | Volcano  | Engulfed by a cloud of flame

Illustrated notes

Levels and vault maps discovered:
D:1:      nagdon_arrival_double_spiral, layout_loops_cross, serial_glass,
          glass_columns_a, glass_columns_b, glass_columns_a, glass_columns_a,
          glass_columns_b, glass_columns_a, glass_columns_a, glass_columns_c,
          glass_columns_a, glass_columns_c, glass_columns_c, glass_columns_a,
          glass_columns_c, glass_columns_b, hellmonk_ecumenical_altar_run_dry,
          minmay_lizard_king
D:2:      layout_rooms, minmay_misc_feat_columns
D:3:      layout_loops_ring, gammafunk_temple_overflow_claw
D:4:      lemuel_castle_with_subvaults [lemuel_castle_interior_carwin_3],
          layout_basic, serial_bayou_pond_e
D:5:      layout_layer_cave, nicolae_uskayaw_dance_hall,
          minmay_temple_entry_ruins, uniq_blork_the_orc, uniq_edmund,
          uniq_crazy_yiuf_cottage
D:6:      layout_gridville, centaur_isle
D:7:      layout_loops_ring, grunt_decor_junction, uniq_maggie
D:8:      layout_basic, lemuel_crystal_altar, gammafunk_ghost_berserking_beasts,
          nicolae_ossuary_entry_catacombs, uniq_psyche
D:9:      lemuel_insect_pit, layout_irregular_city, erik_lair_orcish_takeover,
          minmay_misc_feat_enclosed, minmay_misc_feat_nine_boxes,
          minmay_misc_feat_five
Temple:   minmay_crystal_spiral_temple
Lair:1:   layout_cave_pods
Lair:2:   gammafunk_lair_enchanted_lake, layout_long_grid
Lair:3:   layout_cave_pods, minmay_swamp_entry_worms,
          spider_nest_entry_funnel_web, portal_ice_cave_rime,
          nicolae_volcano_entry_s_turn, nicolae_lair_grove_arrangements,
          serial_bayou_ford_a
Volcano:  volcano_tomb [vts_chambers]

Skill      XL: |  1  2  3  4  5  6  7  8  9 10 11 12 |
---------------+-------------------------------------+-----
Fighting       | 2 3 5 |  5.0
Short Blades   | 1 3 4 6 7 8 9 11 12 | 12.0
Stealth        | 3 4 6 |  6.0
Dodging        | 3 6 9 11 13 15 | 15.8
Evocations     | |  3.4

Action                   |  1- 3 |  4- 6 |  7- 9 | 10-12 || total
-------------------------+-------+-------+-------+-------++-------
Melee: Unarmed           |    37 |       |       |       ||    37
       Constrict         |    15 |    41 |    70 |    52 ||   178
       Tentacles         |    13 |    22 |    79 |   160 ||   274
       Dagger            |    19 |       |       |       ||    19
       Short sword       |     8 |   130 |   261 |   522 ||   921
       Punch             |       |     1 |     6 |     7 ||    14
Evoke: Wand              |     2 |       |     3 |    18 ||    23
       Phantom mirror    |       |       |       |     2 ||     2
  Use: Scroll            |       |       |    11 |    16 ||    27
       Potion            |       |       |       |     1 ||     1
 Stab: Sleeping          |     5 |    15 |    21 |    17 ||    58
       Distracted        |       |       |     2 |     2 ||     4
Armor: Skin              |     3 |    19 |    55 |    81 ||   158
Dodge: Dodged            |    37 |    73 |   159 |   232 ||   501

Table legend: (Time is in decaauts)
 A = Elapsed time spent in this place.
 B = Non-inter-level travel time spent in this place.
 C = Inter-level travel time spent in this place.
 D = Time resting spent in this place.
 E = Time spent auto-exploring this place.
 F = Levels seen in this place.
 G = Mean time per level.
                   A        B        C        D        E       F      G
               +--------+--------+--------+--------+--------+-----+--------+
         Total |  11744 |  11263 |    481 |   1347 |   6694 |  16 |  734.0 |
       Dungeon |   8393 |   8062 |    331 |    941 |   5087 |   9 |  932.6 |
        Temple |    198 |    166 |     32 |      0 |    129 |   1 |  198.0 |
          Lair |   2663 |   2545 |    118 |    406 |   1294 |   3 |  887.7 |
       Ossuary |    359 |    359 |      0 |      0 |    184 |   1 |  359.0 |
      Ice Cave |      7 |      7 |      0 |      0 |      0 |   1 |    7.0 |
       Volcano |    121 |    121 |      0 |      0 |      0 |   1 |  121.0 |
               +--------+--------+--------+--------+--------+-----+--------+

Top non-repeatable levels by time:
     D:1: 1468 daAuts
  Lair:2: 1411 daAuts
     D:5: 1276 daAuts
  Lair:1: 1093 daAuts
     D:4: 1022 daAuts
     D:3: 986 daAuts
     D:8: 975 daAuts
     D:6: 834 daAuts
     D:9: 658 daAuts
     D:7: 638 daAuts
     D:2: 533 daAuts
 Ossuary: 359 daAuts
  Temple: 198 daAuts
  Lair:3: 158 daAuts
 Volcano: 121 daAuts
